 Dungeon Crawl Stone Soup version 0.31-a0-16-g6d2539766c (webtiles) character file.

Game seed: 11548312448577654105

431 bande the Covered (level 7, -4/43 HPs)
             Began as a Gargoyle Fighter on May 9, 2023.
             Slain by an ogre
             ... wielding a +0 giant club
              (12 damage)
             ... on level 5 of the Dungeon.
             The game lasted 00:06:39 (3428 turns).

bande the Covered (Gargoyle Fighter)                Turns: 3428, Time: 00:06:40

Health: -4/43      AC: 14    Str: 19    XL:     7   Next: 0%
Magic:  16/16      EV:  9    Int: 15    God:
Gold:   209        SH:  4    Dex: 11    Spells: 5/6 levels left

rFire   + . .        a - +1 war axe (freeze)
rCold   . . .        c - +0 buckler
rNeg    + . .        b - +0 scale mail
rPois   ∞            m - +1 helmet
rElec   +            (no cloak)
rCorr   .            (no gloves)
SInv    .            (no boots)
Will    .....        (no amulet) Stlth
                     j - ring "Epnilom" {rF+ MP+9}
HPRegen 0.27/turn    i - +6 ring of intelligence
MPRegen 0.15/turn

%: no passive effects
@: mighty, studying Maces & Flails
A: sickness immunity, AC +4, negative energy resistance 1, electricity
resistance, torment resistance 1, petrification resistance
a: no special abilities


You were on level 5 of the Dungeon.
You visited 2 branches of the dungeon, and saw 6 of its levels.

You collected 209 gold pieces.

Inventory:

Hand Weapons
 a - a +1 war axe of freezing (weapon)
 p - a +0 flail
Armour
 b - a +0 scale mail (worn)
 c - a +0 buckler (worn)
 m - a +1 helmet (worn)
Jewellery
 i - a +6 ring of intelligence (right hand)
 j - the ring "Epnilom" (left hand) {rF+ MP+9}
   (You found it on level 3 of the Dungeon)

   [ring of magical power]

   rF:        It protects you from fire.
   MP:        It affects your magic capacity (+9).
Wands
 q - a wand of charming (3)
Scrolls
 o - a scroll of magic mapping
Potions
 d - 3 potions of might
 f - 2 potions of curing {unknown}
 g - a potion of lignification {unknown}
 h - a potion of flight {unknown}
 k - a potion of attraction {unknown}
 l - a potion of mutation {unknown}
 n - a potion of haste {unknown}


   Skills:
 + Level 4.1 Fighting
 + Level 4.1 Axes
 + Level 4.8 Armour
 - Level 0.2 Stealth
 + Level 3.8 Shields
 * Level 2.1 Translocations
 * Level 1.4 Evocations


You had 5 spell levels left.
You knew the following spells:

 Your Spells              Type           Power      Damage    Failure   Level
a - Apportation           Tloc           12%        N/A       38%         1

Your spell library contained the following spells:

 Spells                   Type           Power      Damage    Failure   Level
 Blink                    Tloc           12%        N/A       52%         2
 Lesser Beckoning         Tloc           12%        N/A       52%         2
 Necrotise                Necr           0%         1d4       67%         1
 Summon Small Mammal      Summ           0%         N/A       67%         1
 Momentum Strike          Conj/Tloc      6%         3d8       67%         2


Dungeon Overview and Level Annotations

Branches:
Dungeon (5/15)             Temple (1/1) D:4

Altars:
Dithmenos
Elyvilon
Gozag
Kikubaaqudgha
Qazlal
Ru
Sif Muna
Vehumet
Wu Jian
Xom

Shops:
D:3 [   D:4 ?


Innate Abilities, Weirdness & Mutations

You are immune to sickness and miasma.
Your stone body is resilient. (AC +4)
You are immune to poison.
You resist negative energy. (rN+)
You are resistant to electric shocks. (rElec)
You are resistant to unholy torment.
You are immune to petrification.


Message History

You climb upwards.
There is a stone staircase leading down here.
You climb downwards.
The orc misses you.
The ogre hits you with a +0 giant spiked club!!
Ouch! That really hurt!
* * * LOW HITPOINT WARNING * * *
The ogre closely misses you. The orc hits you but does no damage.
The orc barely misses you. x2
There is a stone staircase leading up here.
You feel much better.
The ogre hits you with a +0 giant spiked club.
The ogre barely misses you. The orc hits you but does no damage. x2
You feel very mighty all of a sudden.
The ogre hits you with a +0 giant spiked club!!
Ouch! That really hurt!
* * * LOW HITPOINT WARNING * * *
The ogre closely misses you. The orc hits you but does no damage.
The orc barely misses you.
Unknown command.
You slash the ogre! You freeze the ogre.
The ogre is heavily wounded.
You barely miss the ogre. You slash the orc! You freeze the orc.
You kill the orc!
The orc barely misses you. You block the ogre's attack.
The ogre barely misses you.
Unknown command.
You slice the ogre!! You freeze the ogre.
You kill the ogre!
You barely miss the ogre. The orc barely misses you.
Your Axes skill increases to level 4!
Your Translocations skill increases to level 2!
You have reached level 7!
The orc hits you but does no damage. The ogre hits you but does no damage.
You see here a +0 giant spiked club.
You slash the ogre! You freeze the ogre.
The ogre is heavily wounded.
The orc hits you from afar with a +0 trident.
* * * LOW HITPOINT WARNING * * *
The ogre hits you with a +0 giant club!
You die...

......))# #
#.#
#.##.######
#.........#
#.........#
#.........#
#......o..#
#........)#
.........@<#
..........O.#
............#
............#
####+#######


You could see an ogre and an orc.

Vanquished Creatures
  2 ogres (D:5)
  2 hounds (D:4)
  2 orc wizards
  Robin (D:3)
  5 adders
  A worm (D:4)
  A dart slug (D:1)
  13 orcs
  7 endoplasms
  3 giant cockroaches
  13 goblins
  10 hobgoblins
  3 jackals (D:2)
  6 kobolds
  4 quokkas
  6 ball pythons
  A bat (D:1)
  2 frilled lizards
  2 rats (D:1)
84 creatures vanquished.

Vanquished Creatures (collateral kills)
  A bat (D:1)
1 creature vanquished.

Grand Total: 85 creatures vanquished

Notes
Turn   | Place    | Note
-------+----------+-------------------------------------------
     0 | D:1      | bande the Gargoyle Fighter began the quest for the Orb.
     0 | D:1      | Reached XP level 1. HP: 14/14 MP: 1/1
   196 | D:1      | Reached XP level 2. HP: 5/19 MP: 2/2
   625 | D:1      | Learned a level 1 spell: Apportation
   663 | D:2      | Reached XP level 3. HP: 21/24 MP: 3/3
  1199 | D:2      | Reached XP level 4. HP: 29/29 MP: 4/4
  1460 | D:3      | Identified the ring "Epnilom" {rF+ MP+9}
  1564 | D:3      | Found Wagywnyo's Antique Armour Emporium.
  1758 | D:3      | Noticed Robin
  1770 | D:3      | Killed Robin
  1771 | D:3      | Reached skill level 1 in Translocations
  1771 | D:3      | Reached XP level 5. HP: 31/33 MP: 5/5
  1814 | D:3      | Found a stormy altar of Qazlal.
  1814 | D:3      | Found an ancient bone altar of Kikubaaqudgha.
  2636 | D:4      | Found a sacrificial altar of Ru.
  2698 | D:4      | Reached XP level 6. HP: 35/38 MP: 6/6
  2719 | D:4      | Found Viutoy Tank's Magic Scroll Shoppe.
  2752 | D:4      | Found a staircase to the Ecumenical Temple.
  2769 | Temple   | Entered the Ecumenical Temple
  3223 | D:5      | Entered Level 5 of the Dungeon
  3235 | D:5      | Reached skill level 1 in Evocations
  3427 | D:5      | Reached XP level 7. HP: 12/43 MP: 7/7
  3428 | D:5      | Slain by an ogre

Illustrated notes

Levels and vault maps discovered:
D:1:      saegor_arrival_simple_d, layout_rooms, chequers_mini_garden
D:2:      layout_loops_ring, hangedman_decor_points
D:3:      layout_basic, nicolae_overflow_two_pavilions, serial_shops, shop,
          uniq_robin
D:4:      layout_cave_pools, mainiacjoe_overflow_chevrons,
          minmay_temple_entry_large_hall, kennysheep_windowed_goal
D:5:      layout_basic, nicolae_yredelemnul_corpse_copse,
          kennysheep_okawaru_gauntlet, serial_shops, shop, supply_closet_lemuel,
          uniq_sigmund
Temple:   nicolae_temple_superstar

Skill      XL: |  1  2  3  4  5  6 |
---------------+-------------------+-----
Axes           | 2 3 4 |  4.1
Armour         | 4 |  4.8
Translocations | 1 2 |  2.1
Fighting       | 4 |  4.1
Evocations     | 1 |  1.4
Stealth        | |  0.2
Shields        | |  3.8

Action                     |  1- 3 |  4- 6 |  7- 9 || total
---------------------------+-------+-------+-------++-------
  Melee: War axe           |   101 |   125 |     1 ||   227
    Use: Scroll            |     7 |     2 |       ||     9
         Potion            |       |     2 |       ||     2
 Armour: Scale mail        |    75 |    73 |     2 ||   150
  Dodge: Dodged            |    60 |    80 |       ||   140
  Block: Buckler           |    17 |    32 |       ||    49

Table legend: (Time is in decaauts)
 A = Elapsed time spent in this place.
 B = Non-inter-level travel time spent in this place.
 C = Inter-level travel time spent in this place.
 D = Time resting spent in this place.
 E = Time spent auto-exploring this place.
 F = Levels seen in this place.
 G = Mean time per level.
                   A        B        C        D        E       F      G
               +--------+--------+--------+--------+--------+-----+--------+
         Total |   3522 |   3242 |    280 |    552 |   1867 |   6 |  587.0 |
       Dungeon |   3383 |   3128 |    255 |    552 |   1761 |   5 |  676.6 |
        Temple |    139 |    114 |     25 |      0 |    106 |   1 |  139.0 |
               +--------+--------+--------+--------+--------+-----+--------+

Top non-repeatable levels by time:
     D:3: 1145 daAuts
     D:2: 828 daAuts
     D:4: 715 daAuts
     D:1: 662 daAuts
  Temple: 139 daAuts
     D:5: 30 daAuts
